 Dungeon Crawl Stone Soup version 0.31-a0-1074-g0b22e4e0f1 (webtiles) character file.

Game seed: 14749400346978013983

2844 grandjackal the Magician (level 10, -1/75 HPs)
             Began as a Djinni Artificer on Nov 29, 2023.
             Slain by a centaur warrior skeleton (9 damage)
             ... on level 7 of the Dungeon.
             The game lasted 00:10:31 (6683 turns).

grandjackal the Magician (Djinni Artificer)         Turns: 6683, Time: 00:10:31

Health: -1/75      AC:  5    Str: 11    XL:     10   Next: 4%
Gold:   350        EV: 10    Int: 16    God:
                   SH:  0    Dex: 15

rFire   + + .        B - +10 long sword "Voebuvy" {flame, Drain rPois rN+}
rCold   x . .        (no shield)
rNeg    + . .        f - +0 ring mail
rPois   ∞            (no helmet)
rElec   .            (no cloak)
rCorr   +            (no gloves)
SInv    .            (boots unavailable)
Will    +....        (no amulet)
Stlth   +            t - ring of resist corrosion
HPRegen 0.32/turn    (no ring)
MPRegen 0.00/turn

%: infuse magic (-2 HP)
@: flying
A: sickness immunity, fire resistance 2, cold vulnerability 1, float, innate
caster, HP casting, extra vitality 1
a: no special abilities


You were on level 7 of the Dungeon.
You visited 1 branch of the dungeon, and saw 7 of its levels.
You also visited: Ossuary.

You collected 350 gold pieces.

Inventory:

Hand Weapons
 e - a +2 short sword of electrocution
 g - a +0 spear
 k - a +1 falchion of draining
 u - a +0 dagger of venom
 B - the +10 long sword "Voebuvy" (weapon) {flame, Drain rPois rN+}
   (You found it on level 6 of the Dungeon)

   rPois:     It protects you from poison rN+: It protects you from negative
   energy.
   Drain:     It drains your maximum health when unequipped.
Missiles
 a - 9 poisoned darts
Armour
 f - a +0 ring mail (worn)
 j - the +4 robe "Pog Heu" {rElec Str-2 Dex+5}
   (You found it on level 3 of the Dungeon)

   Str-2:     It affects your strength (-2).
   Dex+5:     It affects your dexterity (+5).
   rElec:     It insulates you from electricity.
 z - a +0 buckler
Jewellery
 t - a ring of resist corrosion (left hand)
Wands
 c - a wand of flame (10) (quivered)
 d - a wand of charming (20)
Scrolls
 h - 4 scrolls of butterflies
 n - 4 scrolls of teleportation {unknown}
 q - a scroll of blinking {unknown}
 v - 2 scrolls of vulnerability {unknown}
 w - 4 scrolls of identify
 x - a scroll of revelation {unknown}
 y - 2 scrolls of fear {unknown}
 C - a scroll of enchant armour {unknown}
Potions
 b - 2 potions of heal wounds
 i - 3 potions of berserk rage {unknown}
 l - 2 potions of mutation
 m - a potion of might {unknown}
 o - a potion of resistance
 p - a potion of lignification
 s - a potion of curing {unknown}
 A - a potion of magic {unknown}
 D - a potion of ambrosia {unknown}


   Skills:
 + Level 7.6 Fighting
 - Level 1.0 Armour
 - Level 2.1 Dodging
 - Level 0.7 Stealth
 * Level 7.9 Spellcasting
 * Level 7.9 Conjurations
 * Level 7.9 Hexes
   Level 0.0 Charms
 * Level 7.9 Summonings
 * Level 7.9 Necromancy
 * Level 7.9 Translocations
 * Level 7.9 Transmutations
 * Level 7.9 Fire Magic
 * Level 7.9 Ice Magic
 * Level 7.9 Air Magic
 * Level 7.9 Earth Magic
 * Level 7.9 Poison Magic
 - Level 3.0 Evocations


You knew the following spells:

 Your Spells              Type           Power      Damage    Failure   Level
a - Kiss of Death         Conj/Necr      100%       2d13      1%          1
b - Jinxbite              Hex            62%        N/A       1%          2
c - Volatile Blastmotes   Fire/Tloc      62%        2d15      3%          3
d - Ozocubu's Armour      Ice            31%        N/A       3%          3
Your spell library was empty.

Dungeon Overview and Level Annotations

Branches:
Dungeon (7/15)            Ossuary (visited)
 Temple: D:4-7

Altars:
Makhleb
Nemelex Xobeh

Annotations:
D:5 Edmund


Innate Abilities, Weirdness & Mutations

You are immune to sickness and miasma.
You are immune to poison.
Your flesh is very heat resistant. (rF++)
You are vulnerable to cold. (rC-)
You float through the air rather than walking.
You learn spells naturally, not from books.
Your magical power is your life essence.
You have superior vitality. (+4 MHP)


Message History

HP restored.
You barely miss the hornet zombie.
The hornet zombie completely misses you.
You hit the hornet zombie. You burn the hornet zombie.
The hornet zombie is lightly damaged.
The hornet zombie hits you. The hornet zombie hits you!
You slash the hornet zombie! You burn the hornet zombie.
The hornet zombie is heavily damaged.
The hornet zombie closely misses you. The hornet zombie barely misses you.
You slash the hornet zombie! You burn the hornet zombie.
The hornet zombie is severely damaged.
The hornet zombie hits you! x2
You hit the hornet zombie. You burn the hornet zombie.
The hornet zombie is almost destroyed.
The hornet zombie hits you! The hornet zombie barely misses you.
You barely miss the hornet zombie.
The hornet zombie is almost destroyed.
The hornet zombie barely misses you.
You hit the hornet zombie. You burn the hornet zombie.
The hornet zombie is almost destroyed.
The hornet zombie hits you. The hornet zombie closely misses you.
A centaur warrior skeleton comes into view.
You barely miss the hornet zombie.
The hornet zombie is almost destroyed.
The hornet zombie hits you. The hornet zombie hits you!
* * * LOW HITPOINT WARNING * * *
The hornet zombie hits you!
* * * LOW HITPOINT WARNING * * *
You closely miss the hornet zombie.
The hornet zombie is almost destroyed.
The hornet zombie barely misses you. The hornet zombie hits you.
* * * LOW HITPOINT WARNING * * *
You completely miss the hornet zombie.
The hornet zombie is almost destroyed.
The hornet zombie barely misses you.
The hornet zombie hits you but does no damage.
You slash the hornet zombie! You burn the hornet zombie.
You destroy the hornet zombie!
The centaur warrior skeleton hits you!
You die...

............#.#.# #.. #
..P..P..8...#.#.# #.. #
....8..Z....#.#.# #.. #
...........##.#.# #.# #
.P......8.##....#######.# #
........## #....#.)..<#.###
#######..###....#.#####.##.
##.Z.#....#.#........
####@#....#.#.....#..
#####....##...(.......#..
..........#.........#.#..
..........#.........#.#..
........#.#.#.#.#.###.#..
........#...#.#.#.# #.#..
........###...#.#.# #.#..
........# #...#.#.# #..
........# #.#...#.# #..


You could see a centaur warrior skeleton.

Vanquished Creatures
  A two-headed ogre (D:5)
  A centaur skeleton (D:7)
  A hellwing (D:7)
  3 dream sheep (D:7)
  Menkaure (Ossuary)
  A hornet zombie (D:7)
  An ice beast (D:5)
  2 scorpions
  A howler monkey (D:7)
  A crimson imp (D:6)
  8 hounds
  2 gnoll boudas
  A jelly (D:6)
  4 iguanas
  2 orc wizards
  2 mummies (Ossuary)
  4 gnolls (D:5)
  6 adders
  6 shadow imps
  2 white imps
  3 adder zombies (D:2)
  2 worms (D:4)
  2 adder skeletons (D:2)
  3 dart slugs
  12 orcs
  A bat zombie (D:2)
  4 endoplasms
  A giant cockroach (D:2)
  6 goblins
  3 hobgoblins
  6 jackals
  3 quokkas
  5 ball pythons
  2 ball python zombies (D:2)
  4 bats
  3 frilled lizards
  2 gnoll skeletons (Ossuary)
  3 gnoll zombies (Ossuary)
  6 goblin skeletons (Ossuary)
  8 goblin zombies
  3 hobgoblin skeletons (Ossuary)
  5 hobgoblin zombies (Ossuary)
  A jackal zombie (D:2)
  3 kobolds
  4 kobold skeletons (Ossuary)
  4 kobold zombies (Ossuary)
  4 orc skeletons (Ossuary)
  An orc zombie (Ossuary)
  A quokka skeleton (D:2)
  A quokka zombie (D:4)
  11 rats
  5 rat skeletons (Ossuary)
  5 rat zombies (Ossuary)
177 creatures vanquished.

Vanquished Creatures (collateral kills)
  2 orc wizards (D:5)
  2 orcs (D:5)
  A jackal (D:5)
  A rat skeleton (Ossuary)
6 creatures vanquished.

Vanquished Creatures (others)
  An ogre (D:5)
  A mummy (Ossuary)
2 creatures vanquished.

Grand Total: 185 creatures vanquished

Notes
Turn   | Place    | Note
-------+----------+-------------------------------------------
     0 | D:1      | grandjackal the Djinni Artificer began the quest for the
                  | Orb.
     0 | D:1      | Reached XP level 1. HP: 17/17 MP: 0/0
   279 | D:1      | Reached XP level 2. HP: 20/22 MP: 0/0
   375 | D:1      | Reached skill level 1 in Spellcasting
   375 | D:1      | Reached skill level 1 in Conjurations
   375 | D:1      | Reached skill level 1 in Hexes
   375 | D:1      | Reached skill level 1 in Summonings
   375 | D:1      | Reached skill level 1 in Necromancy
   375 | D:1      | Reached skill level 1 in Translocations
   375 | D:1      | Reached skill level 1 in Transmutations
   375 | D:1      | Reached skill level 1 in Fire Magic
   375 | D:1      | Reached skill level 1 in Ice Magic
   375 | D:1      | Reached skill level 1 in Air Magic
   375 | D:1      | Reached skill level 1 in Earth Magic
   375 | D:1      | Reached skill level 1 in Poison Magic
   732 | D:2      | Reached XP level 3. HP: 28/28 MP: 0/0
   732 | D:2      | Learned a level 1 spell: Kiss of Death
   986 | D:2      | Reached XP level 4. HP: 33/33 MP: 0/0
  1814 | D:3      | Identified the +4 robe "Pog Heu" {rElec Str-2 Dex+5}
  1882 | D:3      | You are sucked into a shaft and drop 1 floor!
  1948 | D:4      | Reached XP level 5. HP: 31/39 MP: 0/0
  1948 | D:4      | Learned a level 2 spell: Jinxbite
  1991 | D:4      | Found a sand-covered staircase.
  2008 | Ossuary  | Entered an ossuary
  2426 | Ossuary  | Noticed Menkaure
  2443 | Ossuary  | Killed Menkaure
  2444 | Ossuary  | Reached XP level 6. HP: 24/46 MP: 0/0
  3206 | D:3      | Found a sparkling altar of Nemelex Xobeh.
  3340 | D:4      | Reached XP level 7. HP: 36/51 MP: 0/0
  3340 | D:4      | Learned a level 3 spell: Volatile Blastmotes
  3779 | D:5      | Entered Level 5 of the Dungeon
  4157 | D:5      | Reached XP level 8. HP: 53/58 MP: 0/0
  4196 | D:5      | Reached skill level 5 in Spellcasting
  4196 | D:5      | Reached skill level 5 in Conjurations
  4196 | D:5      | Reached skill level 5 in Hexes
  4196 | D:5      | Reached skill level 5 in Summonings
  4196 | D:5      | Reached skill level 5 in Necromancy
  4196 | D:5      | Reached skill level 5 in Translocations
  4196 | D:5      | Reached skill level 5 in Transmutations
  4196 | D:5      | Reached skill level 5 in Fire Magic
  4196 | D:5      | Reached skill level 5 in Ice Magic
  4196 | D:5      | Reached skill level 5 in Air Magic
  4196 | D:5      | Reached skill level 5 in Earth Magic
  4196 | D:5      | Reached skill level 5 in Poison Magic
  4207 | D:5      | Noticed Edmund
  4499 | D:5      | Noticed a two-headed ogre
  4504 | D:5      | Killed a two-headed ogre
  4505 | D:5      | Reached skill level 5 in Fighting
  4505 | D:5      | Reached XP level 9. HP: 55/66 MP: 0/0
  4505 | D:5      | Learned a level 3 spell: Ozocubu's Armour
  5752 | D:6      | Identified the +10 long sword "Voebuvy" {flame, Drain rPois
                  | rN+}
  5942 | D:6      | Found a burning altar of Makhleb.
  6401 | D:7      | Noticed a hellwing
  6429 | D:7      | Killed a hellwing
  6441 | D:7      | Reached XP level 10. HP: 16/75 MP: 0/0
  6683 | D:7      | Slain by a centaur warrior skeleton

Illustrated notes

Levels and vault maps discovered:
D:1:      dpeg_arrival_rhombus, layout_basic
D:2:      layout_basic, serial_undead, serial_undead_c, serial_undead_b,
          serial_undead_d, serial_undead_a, serial_undead_b
D:3:      layout_rooms, nemelex_dance_club_becter, serial_rivers,
          chequers_serial_rivers_small_a, chequers_serial_rivers_small_b,
          chequers_serial_rivers_micro_d, chequers_serial_rivers_large_a,
          chequers_serial_rivers_large_b, kennysheep_generic_room_4
D:4:      layout_gridville, enter_ossuary_4
D:5:      layout_basic, uniq_edmund
D:6:      layout_loops_cross, grunt_temple_overflow_lords_of_destruction
D:7:      cheibrodos_grave_circle, layout_basic, temple_statues,
          nicolae_hexahallways, dreamdust_gnoll_shepherd

Skill      XL: |  1  2  3  4  5  6  7  8  9 |
---------------+----------------------------+-----
Spellcasting   | 1 2 3 4 6 7 |  7.9
Conjurations   | 1 2 3 4 6 7 |  7.9
Hexes          | 1 2 3 4 6 7 |  7.9
Summonings     | 1 2 3 4 6 7 |  7.9
Necromancy     | 1 2 3 4 6 7 |  7.9
Translocations | 1 2 3 4 6 7 |  7.9
Transmutations | 1 2 3 4 6 7 |  7.9
Fire Magic     | 1 2 3 4 6 7 |  7.9
Ice Magic      | 1 2 3 4 6 7 |  7.9
Air Magic      | 1 2 3 4 6 7 |  7.9
Earth Magic    | 1 2 3 4 6 7 |  7.9
Poison Magic   | 1 2 3 4 6 7 |  7.9
Fighting       | 2 3 4 5 7 |  7.6
Armour         | |  1.0
Dodging        | |  2.1
Stealth        | |  0.7
Evocations     | |  3.0

Action                     |  1- 3 |  4- 6 |  7- 9 | 10-12 || total
---------------------------+-------+-------+-------+-------++-------
  Melee: Club              |    26 |       |       |       ||    26
         Spear             |   114 |    46 |       |       ||   160
         Falchion          |       |   247 |   180 |       ||   427
         Punch             |       |     3 |     2 |       ||     5
         Long sword        |       |       |    55 |    14 ||    69
   Cast: Jinxbite          |       |     1 |     2 |       ||     3
         Volatile Blastmot |       |       |     6 |       ||     6
         Kiss of Death     |       |       |     1 |       ||     1
         Ozocubu's Armour  |       |       |     2 |       ||     2
  Evoke: Wand              |       |     6 |    13 |       ||    19
    Use: Scroll            |       |     5 |       |       ||     5
         Potion            |       |       |     2 |       ||     2
 Armour: Ring mail         |    79 |   173 |   181 |    13 ||   446
         Leather armour    |     1 |       |       |       ||     1
         Skin              |       |       |    55 |       ||    55
  Dodge: Dodged            |    72 |   134 |   117 |     9 ||   332

Table legend: (Time is in decaauts)
 A = Elapsed time spent in this place.
 B = Non-inter-level travel time spent in this place.
 C = Inter-level travel time spent in this place.
 D = Time resting spent in this place.
 E = Time spent auto-exploring this place.
 F = Levels seen in this place.
 G = Mean time per level.
                   A        B        C        D        E       F      G
               +--------+--------+--------+--------+--------+-----+--------+
         Total |   6858 |   6662 |    196 |   1252 |   3682 |   8 |  857.2 |
       Dungeon |   6054 |   5858 |    196 |   1076 |   3447 |   7 |  864.9 |
       Ossuary |    803 |    803 |      0 |    176 |    235 |   1 |  803.0 |
               +--------+--------+--------+--------+--------+-----+--------+

Top non-repeatable levels by time:
     D:5: 1250 daAuts
     D:2: 1151 daAuts
     D:6: 1026 daAuts
 Ossuary: 803 daAuts
     D:4: 777 daAuts
     D:1: 677 daAuts
     D:7: 598 daAuts
     D:3: 572 daAuts
